Map: Oxide LE

Players

RiSky - Winner!

  • Race: Zerg Zerg
  • Spawn Location: 7:00

TeebuL

  • Race: Protoss Protoss
  • Spawn Location: 1:00

Event: DreamHack SC2 Masters 2020 Winter

VOD

Have the link to the VOD?

Description

Time

  • Played on: Oct. 16, 2020, 2:15 a.m.
  • Length: 16:36

All games in this series

Show
View Real Time Build Order
Export as new Build Order

RiSky Zerg - Winner!

Build Orders: Hatch First, Lurkers 

Get SALT Encoding   

  12  0:00  Drone  
  13  0:11  Overlord  
  13  0:16  Drone  
  14  0:30  Drone x2  
  16  0:47  Hatchery  
  15  0:50  Drone  
  15  0:54  Drone  
  17  0:58  Drone  
  18  1:07  Extractor  
  17  1:13  Spawning Pool  
  17  1:17  Drone  
  17  1:20  Drone  
  18  1:27  Drone  
  19  1:38  Drone  
  20  1:49  Overlord  
  20  2:01  Queen x2, Zergling x4  
  26  2:10  Drone x2  
  26  2:11  Metabolic Boost  
  28  2:22  Drone x2  
  30  2:33  Hatchery  
  30  2:36  Drone  
  30  2:42  Queen  
  32  2:48  Overlord  
  32  2:51  Zergling x2  
  34  2:58  Drone x2  
  34  3:03  Zergling x2  
  36  3:13  Drone x2  
  36  3:14  Drone  
  36  3:15  Drone x2  
  36  3:17  Overlord  
  36  3:18  Drone x2  
  43  3:28  Extractor, Queen, Overlord  
  45  3:38  Drone x4  
  49  3:43  Overlord  
  49  3:46  Drone x2  
  49  3:47  Spore Crawler  
  49  3:48  Spore Crawler  
  49  3:52  Drone x2  
  50  3:55  Zergling x4  
  50  3:59  Zergling x4  
  54  4:03  Drone  
  54  4:04  Drone  
  54  4:07  Spore Crawler  
  54  4:09  Lair  
  55  4:16  Drone x2  
  55  4:17  Drone  
  57  4:18  Drone  
  57  4:20  Drone  
  59  4:24  Drone x3  
  59  4:25  Drone  
  59  4:29  Overlord  
  59  4:31  Queen  
  65  4:35  Roach Warren  
  64  4:40  Drone  
  64  4:42  Overlord  
  65  4:49  Drone x3  
  65  4:50  Overlord  
  65  4:51  Drone  
  70  4:52  Drone  
  70  4:53  Overlord  
  70  4:54  Drone  
  70  4:55  Extractor x2  
  70  4:56  Drone x2  
  70  4:58  Drone  
  72  5:01  Drone x2  
  72  5:03  Drone, Extractor  
  74  5:11  Queen x2  
  74  5:13  Drone, Hydralisk Den  
  78  5:17  Drone  
  78  5:20  Drone x2  
  78  5:21  Drone  
  82  5:22  Drone  
  82  5:25  Drone x3  
  82  5:27  Extractor  
  85  5:29  Overlord  
  85  5:30  Evolution Chamber  
  85  5:31  Drone  
  85  5:33  Drone  
  85  5:34  Drone, Extractor  
  86  5:40  Overlord  
  86  5:43  Overlord  
  86  5:45  Muscular Augments  
  86  5:51  Drone x3, Spore Crawler  
  86  5:52  Drone  
  86  5:54  Queen  
  91  5:58  Zerg Missile Weapons Level 1  
  91  6:05  Hydralisk x2  
  91  6:08  Spore Crawler  
  91  6:10  Hydralisk  
  96  6:12  Hydralisk  
  96  6:15  Hatchery  
  96  6:17  Hydralisk x2  
  101  6:20  Hydralisk x2  
  101  6:25  Hydralisk x2  
  105  6:32  Roach  
  115  6:36  Hydralisk x2  
  115  6:37  Hydralisk  
  115  6:41  Hydralisk x3  
  115  6:46  Hydralisk  
  118  6:54  Hydralisk x2  
  118  6:55  Extractor  
  118  6:56  Grooved Spines  
  118  7:00  Hydralisk  
  121  7:04  Drone, Overlord x2  
  121  7:08  Overlord x2  
  122  7:12  Overlord  
  122  7:14  Overlord  
  122  7:20  Overlord x2  
  121  7:23  Evolution Chamber  
  121  7:25  Drone  
  121  7:26  Drone x6  
  121  7:27  Drone  
  128  7:30  Drone  
  128  7:31  Queen  
  128  7:32  Drone  
  132  7:37  Drone  
  132  7:38  Drone, Evolution Chamber  
  132  7:39  Drone  
  132  7:43  Hydralisk x2  
  132  7:44  Hydralisk x2  
  135  7:46  Drone  
  135  7:47  Drone x2  
  135  7:48  Hydralisk x2  
  150  7:54  Hydralisk x2  
  150  7:56  Spine Crawler  
  150  7:58  Roach x2  
  155  8:09  Hydralisk x6  
  163  8:21  Hydralisk x5  
  163  8:24  Zerg Missile Weapons Level 2  
  173  8:28  Zerg Ground Armor Level 1  
  173  8:30  Hydralisk x2  
  173  8:33  Overseer  
  177  8:38  Glial Reconstitution  
  177  8:41  Hydralisk x2  
  177  8:42  Overlord  
  177  8:43  Overlord x2  
  181  8:48  Hydralisk x2  
  181  8:52  Hydralisk  
  187  8:57  Hydralisk x2  
  187  9:02  Hydralisk  
  184  9:10  Hydralisk x3  
  184  9:16  Hatchery  
  184  9:17  Roach x3  
  185  9:18  Roach x2  
  188  9:25  Extractor  
  188  9:26  Extractor  
  188  9:27  Hydralisk x2  
  190  9:31  Zergling x10  
  190  9:32  Zergling x10  
  190  9:35  Overseer  
  200  9:41  Lurker Den  
  200  9:42  Zergling x2  
  200  9:48  Hydralisk  
  200  9:53  Hydralisk x3  
  200  9:54  Hydralisk  
  200  9:58  Hydralisk  
  182  10:05  Hydralisk x3  
  166  10:09  Roach  
  166  10:10  Zergling x24  
  155  10:21  Drone  
  155  10:22  Drone x6  
  155  10:23  Overseer  
  155  10:25  Infestation Pit  
  161  10:31  Hydralisk x4  
  169  10:36  Drone  
  169  10:41  Drone x2  
  172  10:42  Drone  
  172  10:43  Drone x2  
  172  10:44  Drone x2  
  172  10:47  Extractor  
  172  10:49  Lurker x4  
  179  10:53  Extractor  
  177  10:58  Hydralisk x5  
  183  11:13  Drone  
  183  11:22  Hive  
  183  11:28  Drone x7  
  183  11:29  Spine Crawler  
  183  11:30  Spine Crawler x2  
  183  11:31  Lurker x5, Spine Crawler  
  191  11:38  Lurker x2  
  193  11:40  Spine Crawler  
  193  11:41  Spine Crawler  
  193  11:42  Spine Crawler  
  189  11:49  Hydralisk  
  189  11:50  Hydralisk x4  
  189  12:15  Hydralisk x11  
  172  12:21  Hatchery  
  188  12:25  Hydralisk  
  188  12:28  Hydralisk  
  171  12:38  Lurker x2  
  171  12:39  Lurker  
  171  12:42  Drone x7  
  171  12:44  Drone  
  177  12:47  Lurker x2  
  177  12:48  Lurker  
  178  12:57  Lurker x3  
  180  13:02  Seismic Spines  
  180  13:09  Lurker  
  180  13:10  Drone x8  
  189  13:16  Lurker x2  
  191  13:21  Lurker  
  191  13:23  Zergling x12  
  198  13:31  Hydralisk  
  200  13:37  Hydralisk x4  
  200  13:40  Hydralisk x2  
  199  13:51  Overseer  
  199  13:56  Lurker  
  199  13:57  Zerg Missile Weapons Level 3  
  186  14:18  Hydralisk x10  
  186  14:21  Hydralisk x3  
  186  14:23  Hatchery  
  191  14:26  Hydralisk x3  
  188  14:31  Lurker  
  188  14:35  Hydralisk x2  
  173  14:40  Adaptive Talons  
  173  14:41  Zergling x12  
  173  14:42  Zergling x8  
  180  14:53  Extractor x2  
  180  14:55  Hydralisk  
  180  14:56  Hydralisk  
  182  15:01  Lurker x2  
  184  15:07  Hatchery  
  184  15:09  Lurker x2  
  160  15:22  Hydralisk x10  
  160  15:25  Hydralisk  
  160  15:26  Hydralisk  
Show
View Real Time Build Order
Export as new Build Order

TeebuL Protoss 

Build Orders: 1 Gate Expand, Oracle Opening 

Get SALT Encoding   

  12  0:00  Probe  
  13  0:12  Probe  
  14  0:19  Pylon  
  14  0:24  Probe  
  14  0:28  Assimilator  
  15  0:37  Probe (Chrono Boost)  
  16  0:47  Probe (Chrono Boost)  
  16  0:49  Gateway  
  17  0:52  Probe (Chrono Boost)  
  18  1:03  Probe  
  19  1:15  Probe  
  20  1:23  Nexus  
  20  1:33  Probe  
  20  1:36  Cybernetics Core  
  21  1:41  Assimilator  
  21  1:45  Probe  
  22  1:49  Pylon  
  22  1:58  Probe  
  23  2:10  Adept (Chrono Boost), Probe (Chrono Boost)  
  23  2:13  Warp Gate  
  26  2:21  Stargate, Probe (Chrono Boost)  
  27  2:26  Probe (Chrono Boost)  
  28  2:31  Adept (Chrono Boost)  
  28  2:35  Probe  
  28  2:36  Probe  
  32  2:47  Probe  
  32  2:48  Probe  
  34  2:58  Void Ray (Chrono Boost)  
  34  2:59  Probe  
  34  3:00  Probe  
  34  3:02  Gateway  
  36  3:11  Probe  
  36  3:12  Pylon  
  41  3:13  Probe  
  42  3:23  Adept, Probe  
  42  3:25  Probe  
  46  3:30  Pylon  
  46  3:34  Oracle  
  46  3:35  Probe  
  46  3:37  Probe  
  51  3:47  Probe  
  52  3:49  Probe  
  53  4:00  Nexus  
  53  4:01  Pylon  
  53  4:04  Probe  
  54  4:10  Stargate  
  54  4:11  Probe  
  54  4:12  Assimilator  
  54  4:14  Assimilator  
  55  4:21  Probe  
  55  4:23  Probe  
  57  4:26  Shield Battery x2, Void Ray (Chrono Boost)  
  57  4:30  Pylon  
  57  4:33  Probe  
  57  4:35  Probe  
  63  4:45  Probe  
  64  4:47  Probe  
  65  4:54  Void Ray (Chrono Boost), Protoss Air Weapons Level 1 (Chrono Boost)  
  65  4:57  Probe  
  67  5:00  Pylon, Probe  
  71  5:09  Probe  
  71  5:12  Probe  
  71  5:13  Probe  
  74  5:15  Void Ray (Chrono Boost)  
  78  5:21  Probe  
  78  5:24  Probe, Void Ray  
  78  5:25  Probe  
  81  5:28  Assimilator  
  81  5:33  Probe  
  86  5:36  Probe  
  86  5:37  Probe  
  88  5:45  Probe  
  88  5:47  Void Ray  
  88  5:48  Probe  
  88  5:49  Probe  
  91  5:54  Assimilator  
  91  5:57  Twilight Council, Probe  
  95  5:58  Forge, Pylon  
  95  6:00  Probe  
  95  6:01  Probe  
  98  6:05  Gateway x2  
  98  6:07  Gateway  
  98  6:09  Probe  
  98  6:10  Void Ray  
  99  6:12  Probe  
  99  6:14  Probe  
  105  6:21  Robotics Facility  
  105  6:22  Probe  
  105  6:23  Pylon  
  105  6:24  Void Ray  
  102  6:27  Probe  
  107  6:34  Adept  
  107  6:40  Charge  
  107  6:47  Probe  
  108  6:53  Protoss Ground Weapons Level 1 (Chrono Boost)  
  108  6:59  Probe x2  
  106  7:01  Gateway  
  106  7:03  Gateway  
  106  7:05  Gateway  
  106  7:06  Immortal (Chrono Boost)  
  106  7:07  Void Ray  
  106  7:08  Photon Cannon, Gateway  
  106  7:09  Photon Cannon  
  106  7:11  Templar Archives  
  114  7:20  Sentry  
  114  7:22  Pylon  
  115  7:23  Pylon x2  
  115  7:35  Psionic Storm  
  115  7:37  Pylon  
  115  7:40  Immortal (Chrono Boost)  
  115  7:44  Gateway  
  119  7:51  High Templar, Zealot  
  119  7:52  Zealot x3  
  126  8:06  High Templar  
  126  8:07  High Templar x2  
  126  8:08  Zealot  
  130  8:26  Immortal (Chrono Boost)  
  130  8:27  High Templar, Zealot x4  
  144  8:37  Nexus  
  144  8:39  Pylon  
  144  8:40  Pylon  
  144  8:42  Protoss Ground Weapons Level 2 (Chrono Boost)  
  144  8:44  Pylon  
  144  8:45  Pylon  
  144  8:46  Pylon  
  144  8:51  High Templar, Zealot  
  148  8:59  Observer (Chrono Boost)  
  123  9:12  High Templar x2  
  123  9:13  High Templar  
  123  9:14  Zealot  
  123  9:15  Zealot x5  
  139  9:24  Photon Cannon  
  133  9:25  Photon Cannon, Warp Prism (Chrono Boost)  
  133  9:27  Photon Cannon  
  133  9:29  Photon Cannon  
  133  9:31  Shield Battery  
  133  9:33  Shield Battery  
  133  9:35  Shield Battery  
  133  9:37  Zealot x6  
  133  9:38  Zealot  
  139  9:39  Assimilator  
  139  9:40  Assimilator  
  135  9:46  Zealot x3  
  131  9:53  Archon  
  131  9:58  Zealot x7  
  129  10:06  Archon x2  
  119  10:07  Immortal (Chrono Boost)  
  119  10:08  Zealot x3  
  102  10:18  High Templar x4  
  102  10:20  Zealot x3  
  106  10:31  High Templar x3  
  106  10:32  Immortal  
  111  10:44  Zealot x3  
  117  10:50  High Templar  
  117  10:51  High Templar, Zealot x2  
  117  10:55  Archon  
  125  11:06  Zealot x6  
  137  11:16  Oracle  
  138  11:22  Nexus  
  138  11:23  Observer (Chrono Boost)  
  138  11:25  Zealot x3  
  135  11:26  Zealot  
  135  11:29  High Templar x2, Zealot x2  
  135  11:30  Sentry  
  151  11:32  Archon  
  151  11:36  Observer (Chrono Boost)  
  151  11:49  High Templar  
  153  11:58  High Templar x2  
  143  12:03  Archon  
  135  12:10  Zealot x6  
  135  12:11  Zealot  
  135  12:14  Nexus  
  125  12:30  High Templar  
  125  12:36  High Templar x3  
  133  12:37  Zealot x6  
  133  12:40  Pylon  
  139  12:55  Archon x2  
  139  12:57  Observer (Chrono Boost)  
  132  13:01  Probe  
  132  13:02  Fleet Beacon  
  132  13:05  Photon Cannon, Zealot  
  135  13:06  Photon Cannon  
  135  13:08  High Templar, Photon Cannon, Zealot x2  
  135  13:09  Zealot x4, Shield Battery  
  135  13:10  Observer (Chrono Boost)  
  146  13:21  Zealot  
  146  13:22  Zealot  
  146  13:25  Pylon  
  148  13:31  Zealot x3  
  148  13:32  Zealot  
  127  13:42  Zealot x3  
  123  14:01  Zealot x4  
  121  14:07  Probe x2  
  101  14:21  Archon x2  
  101  14:24  Observer  
  74  14:32  Zealot x2  
  67  14:43  High Templar x3  
  73  14:47  Archon  
  73  14:56  High Templar x2  
  77  15:01  Archon  
  75  15:15  Zealot x2  
  59  15:24  Archon  
Tags
 
Add a new tag
Caveats
  • Supply blocks, unpowered buildings, or Contaminate may cause inaccurate times.
  • Supply counts are checked every 10 seconds.